 Dungeon Crawl Stone Soup version 0.29-a0-362-g5854e031c7 (webtiles) character file.

Game seed: 15524135742609967714

847 sammy202020 the Skirmisher (level 7, 0/57 HPs)
             Began as a Demonspawn Berserker on Apr 30, 2022.
             Was a Priest of Trog.
             Slain by a hornet zombie (3 damage)
             ... on level 5 of the Dungeon.
             The game lasted 00:09:40 (5626 turns).

sammy202020 the Skirmisher (Demonspawn Berserker)   Turns: 5626, Time: 00:09:40

Health: 0/57       AC:  9    Str: 17    XL:     7   Next: 68%
Magic:  0/7        EV:  8    Int: 14    God:    Trog [***...]
Gold:   127        SH:  0    Dex: 13    Spells: 6/6 levels left

rFire   . . .      SeeInvis .   e - +2 hand axe (venom)
rCold   + . .      Faith    .   (no shield)
rNeg    . . .      Spirit   +   o - +0 chain mail
rPois   .          Reflect  .   (no helmet)
rElec   .          Harm     .   (no cloak)
rCorr   +          Rampage  .   (no gloves)
Will    .....                   (no boots)
Stlth   ..........              m - amulet of guardian spirit
HPRegen 0.19/turn               l - ring of resist corrosion
MPRegen 0.10/turn               t - ring of protection from cold

@: studying Translocations
A: ignite blood 1, powered by death 1, big brain 2, weakness stinger 1
a: Renounce Religion, Berserk, Trog's Hand


You were on level 5 of the Dungeon.
You worshipped Trog.
Trog was most pleased with you.
You visited 1 branch of the dungeon, and saw 5 of its levels.

You collected 181 gold pieces.
You spent 54 gold pieces at shops.

Inventory:

Hand Weapons
 e - a +2 hand axe of venom (weapon)
 f - a +0 war axe
Missiles
 h - 4 boomerangs (quivered)
Armour
 n - the +2 leather armour of Okawaru's Generosity {rC++ Str-2 Int+5}
   (You found it on level 3 of the Dungeon)

   Str:       It affects your strength (-2).
   Int:       It affects your intelligence (+5).
   rC:        It greatly protects you from cold.
 o - a +0 chain mail (worn)
 q - a +0 plate armour
Jewellery
 i - an amulet of the acrobat
 l - a ring of resist corrosion (left hand)
 m - an amulet of guardian spirit (around neck)
 r - an amulet of faith
 t - a ring of protection from cold (right hand)
Scrolls
 a - 3 scrolls of brand weapon
 b - a scroll of enchant armour
 c - 10 scrolls of identify
 j - 2 scrolls of teleportation
 p - a scroll of magic mapping
 s - 2 scrolls of noise {unknown}
Potions
 d - 3 potions of flight
 g - 4 potions of curing
 k - a potion of berserk rage


   Skills:
 * Level 5.9 Fighting
 * Level 5.3 Axes
 + Level 3.5 Armour
 + Level 3.5 Dodging


You had 6 spell levels left.
You didn't know any spells.
Your spell library was empty.

Dungeon Overview and Level Annotations

Branches:
Dungeon (5/15)             Temple (0/1) D:4

Altars:
Ashenzari
Dithmenos
Qazlal
Ru
Wu Jian
Xom

Shops:
D:5 [


Innate Abilities, Weirdness & Mutations

Your demonic aura sometimes causes spilled blood to erupt in flames.
You regenerate a little health from kills.
You have an extremely huge brain. (Int +4)
You have a small tail.


Message History

You are too injured to fight recklessly!
You are too injured to fight recklessly!
You are too injured to fight recklessly!
You are too injured to fight recklessly!
You are too injured to fight recklessly!
You are too injured to fight recklessly!
You are too injured to fight recklessly!
You are too injured to fight recklessly!
You are too injured to fight recklessly!
You are too injured to fight recklessly!
You are too injured to fight recklessly!
You are too injured to fight recklessly!
You are too injured to fight recklessly!
You are too injured to fight recklessly!
You are too injured to fight recklessly!
You are too injured to fight recklessly!
You are too injured to fight recklessly!
Unknown command.
The hornet zombie barely misses you.
You hit the hornet zombie.
You tail-slap the hornet zombie, but do no damage.
The hornet zombie is heavily damaged.
The hornet zombie hits you!
* * * LOW HITPOINT WARNING * * *
You closely miss the hornet zombie.
The hornet zombie is heavily damaged.
The hornet zombie hits you but does no damage. x2
You hit the hornet zombie. You tail-slap the hornet zombie.
The hornet zombie is heavily damaged.
The hornet zombie hits you but does no damage.
You hit the hornet zombie.
You tail-slap the hornet zombie, but do no damage.
The hornet zombie is heavily damaged.
The hornet zombie hits you.
* * * LOW HITPOINT WARNING * * *
The hornet zombie hits you!
* * * LOW HITPOINT WARNING * * *
The hornet zombie attacks as you move away!
The hornet zombie hits you.
You die...

*,* #...........##########..##..#
#.###.........#.[...÷...##......#
.......####...#..######...∩†...##
#.###### #.#..............##....
*,** #...####.######..##..## *,,*
#.♣.♣*##.# #..##..## **,*
*♣..♣.♣♣..# #.###.>.. *,*
**..♣,♣Z○..# #.# #...# *,*
*,.♣♣♣.♣@.♣# #.# #.... *,*
*,**..,♣...# #.# #...# **,**
**,♣._,♣.♣.# #.# #...# ,,,,*
**,..,,,♣♣.♣# #.###)).. **,,*
*,♣.*****,.** #.#<#<#.# *,,*
**♣*,*,*,*♣.* #..#..#.# *,,*
**,*,***.* #........ **,,* *,***
*.# ###.##### ,,,,* *** *,* #.*


You could see a hornet zombie.

Vanquished Creatures
  Grinder (D:4)
  An ice beast (D:5)
  A bullfrog (D:5)
  2 necrophages
  An orc priest (D:3)
  A hound (D:5)
  4 iguanas (D:5)
  2 orc wizards
  A hound zombie (D:5)
  3 adders
  An ufetubus (D:5)
  3 worms
  A dart slug (D:2)
  14 orcs
  7 ball pythons
  7 bats
  7 endoplasms
  7 giant cockroaches
  4 goblins
  8 hobgoblins
  6 quokkas
  9 kobolds
  7 rats
  A spectral hobgoblin (D:1)
99 creatures vanquished.

Vanquished Creatures (others)
  8 plants (D:2)
8 creatures vanquished.

Grand Total: 107 creatures vanquished

Notes
Turn   | Place    | Note
-------+----------+-------------------------------------------
     0 | D:1      | sammy202020 the Demonspawn Berserker began the quest for
                  | the Orb.
     0 | D:1      | Reached XP level 1. HP: 18/18 MP: 1/1
   469 | D:1      | Found a faded altar of an unknown god.
   611 | D:1      | Gained mutation: You have a small tail. [demonic ancestry]
   611 | D:1      | Reached XP level 2. HP: 24/24 MP: 2/2
  1579 | D:2      | Gained mutation: You regenerate a little health from kills.
                  | [demonic ancestry]
  1579 | D:2      | Reached XP level 3. HP: 27/27 MP: 3/3
  1694 | D:2      | Reached ** piety under Trog
  2492 | D:3      | Reached XP level 4. HP: 37/37 MP: 4/4
  2917 | D:3      | Gained mutation: You have an unusually large brain. (Int
                  | +2) [demonic ancestry]
  2917 | D:3      | Reached XP level 5. HP: 30/42 MP: 5/5
  2928 | D:3      | Identified the +2 leather armour of Okawaru's Generosity
                  | {rC++ Str-2 Int+5}
  3270 | D:3      | Found a stormy altar of Qazlal.
  3803 | D:4      | Noticed Grinder
  3824 | D:4      | Killed Grinder
  3825 | D:4      | Gained mutation: You have an extremely huge brain. (Int +4)
                  | [demonic ancestry]
  3825 | D:4      | Reached XP level 6. HP: 13/50 MP: 6/6
  4075 | D:4      | Found a staircase to the Ecumenical Temple.
  4101 | D:4      | Found a basalt altar of Yredelemnul.
  4104 | D:4      | Found a shimmering altar of Xom.
  4104 | D:4      | Found a broken altar of Ashenzari.
  4106 | D:4      | Found a shadowy altar of Dithmenos.
  4106 | D:4      | Found an ornate altar of the Wu Jian Council.
  4106 | D:4      | Found a sacrificial altar of Ru.
  4525 | D:4      | Reached skill level 5 in Fighting
  4854 | D:5      | Entered Level 5 of the Dungeon
  4886 | D:5      | Gained mutation: Your demonic aura sometimes causes spilled
                  | blood to erupt in flames. [demonic ancestry]
  4886 | D:5      | Reached XP level 7. HP: 29/56 MP: 7/7
  5174 | D:5      | Found Ogeu's Armour Boutique.
  5209 | D:5      | Bought a +0 chain mail for 54 gold pieces
  5318 | D:5      | Reached *** piety under Trog
  5319 | D:5      | Reached skill level 5 in Axes
  5626 | D:5      | Slain by a hornet zombie

Illustrated notes

Levels and vault maps discovered:
D:1:      dpeg_arrival_houses_and_road, layout_loops_corners,
          dreamdust_ecumenical_altar_drowned_temple, bh_walls_and_bars
D:2:      layout_loops_corners, serial_bayou, serial_bayou_ford_a,
          serial_bayou_pond_a, serial_bayou_pond_e, serial_bayou_crossing
D:3:      layout_basic, nicolae_overflow_crystal_walls,
          hangedman_decor_clover_reticule
D:4:      layout_basic, doesnt_xom_only_xom, minmay_temple_entry_antechambers,
          uniq_grinder
D:5:      layout_loops_ring, nicolae_yredelemnul_corpse_copse, serial_shops,
          nicolae_square_shop

Skill      XL: |  1  2  3  4  5  6  7 |
---------------+----------------------+-----
Axes           | 3 4 5 |  5.3
Armour         | 2 3 |  3.5
Dodging        | 2 3 |  3.5
Fighting       | 4 5 |  5.9

Action                   |  1- 3 |  4- 6 |  7- 9 || total
-------------------------+-------+-------+-------++-------
Melee: Hand axe          |    96 |   125 |    56 ||   277
       Tailslap          |     9 |    15 |    16 ||    40
       Punch             |       |       |     1 ||     1
Invok: Berserk           |       |     2 |       ||     2
  Use: Scroll            |     6 |     6 |       ||    12
Armor: Animal skin       |     1 |       |       ||     1
       Scale mail        |    42 |    58 |       ||   100
       Chain mail        |       |       |    27 ||    27
Dodge: Dodged            |    62 |    59 |    19 ||   140

Table legend: (Time is in decaauts)
 A = Elapsed time spent in this place.
 B = Non-inter-level travel time spent in this place.
 C = Inter-level travel time spent in this place.
 D = Time resting spent in this place.
 E = Time spent auto-exploring this place.
 F = Levels seen in this place.
 G = Mean time per level.
                   A        B        C        D        E       F      G
               +--------+--------+--------+--------+--------+-----+--------+
         Total |   5702 |   5386 |    316 |     37 |   4479 |   5 | 1140.4 |
       Dungeon |   5702 |   5386 |    316 |     37 |   4479 |   5 | 1140.4 |
               +--------+--------+--------+--------+--------+-----+--------+

Top non-repeatable levels by time:
     D:4: 1389 daAuts
     D:1: 1386 daAuts
     D:3: 1094 daAuts
     D:2: 1056 daAuts
     D:5: 775 daAuts
